 Dungeon Crawl Stone Soup version 0.17.1-1-g73c8601 (webtiles) character file.

10590 Andry07 the Demon Slayer (level 11, 0/58 HPs)
             Began as a Vine Stalker Fighter on Dec 30, 2015.
             Was a High Priest of the Shining One.
             Slain by an ice beast (3 damage)
             ... summoned by an ice statue
             ... in an ice cave.
             The game lasted 00:33:13 (8351 turns).

Andry07 the Demon Slayer (Vine Stalker Fighter)     Turns: 8351, Time: 00:33:13

Health: 0/58       AC: 14    Str: 22 (23) XL:     11   Next: 64%
Magic:  0/16       EV:  5    Int: 11 (12) God:    the Shining One [*****.]
Gold:   985        SH: 21    Dex: 12 (13) Spells: 0 memorised, 10 levels left

rFire  x . .     SeeInvis .     b - +7 hand axe "Ylaughow" {flame, rElec rPois Int+4}
rCold  + + .     Clarity  .     J - +0 plate armour
rNeg   + + .     SustAt   .     c - +0 shield
rPois  +         Gourm    .     (no helmet)
rElec  +         Spirit   +     (no cloak)
rCorr  .         Warding  .     (no gloves)
rMut   .         Stasis   .     j - +0 pair of boots
MR     +....                    V - amulet of rage
Stlth  ..........               n - ring of protection from cold
                                W - ring of ice

@: divine shield, about to teleport, glowing, somewhat resistant to hostile
enchantments, extremely unstealthy
A: claws 1, fangs 3, hooves 1, deterioration 1, low mp 1, mutation resistance 1,
regeneration 2, wild magic 1, magic shield, antimagic bite, no device heal 3,
rot immunity
a: Divine Shield, Cleansing Flame, Summon Divine Warrior, Renounce Religion,
Evoke Berserk Rage


You were in an ice cave.
You worshipped the Shining One.
The Shining One was extremely pleased with you.
You were hungry.

You visited 3 branches of the dungeon, and saw 13 of its levels.
You also visited: Ice Cave.

You collected 985 gold pieces.

Inventory:

Hand Weapons
 b - the +7 hand axe "Ylaughow" (weapon) {flame, rElec rPois Int+4}
   (You found it on level 10 of the Dungeon)

   It has been specially enchanted to burn those struck by it, causing extra
   injury to most foes and up to half again as much damage against particularly
   susceptible opponents.
   Big, fiery blades are also staple armaments of hydra-hunters.
   It affects your intelligence (+4).
   It insulates you from electricity.
   It protects you from poison.
 A - the +8 long sword "Secret Weapon" {freeze, rF+}
   (You found it on level 5 of the Dungeon)

   It has been specially enchanted to freeze those struck by it, causing extra
   injury to most foes and up to half again as much damage against particularly
   susceptible opponents.
   It can also slow down cold-blooded creatures.
   It protects you from fire.
 G - a +3 flail of protection
Missiles
 w - 19 tomahawks (quivered)
 Q - 7 tomahawks of returning
Armour
 c - a +0 shield (worn)
 j - a +0 pair of boots (worn)
 J - a +0 plate armour (worn)
Jewellery
 i - an uncursed ring of sustain attributes
 n - a ring of protection from cold (right claw)
 M - an uncursed ring of poison resistance
 O - an uncursed ring of positive energy
 V - an amulet of rage (around neck)
 W - a ring of ice (left claw)
Wands
 v - a wand of frost (12)
 E - a wand of lightning (4)
 I - a wand of heal wounds (5)
 K - a wand of digging (12)
 T - a wand of draining (7)
Scrolls
 g - a scroll of magic mapping
 h - 3 scrolls of remove curse
 l - 2 scrolls of fog
 o - 3 scrolls of enchant armour {unknown}
 p - 3 scrolls of amnesia
 q - a scroll of enchant weapon {unknown}
 y - a scroll of blinking {unknown}
 C - 2 scrolls of recharging {unknown}
 F - 2 scrolls of teleportation
 L - a scroll of immolation {unknown}
 N - a scroll of random uselessness {unknown}
 P - a scroll of noise {unknown}
 R - a scroll of acquirement {unknown}
Potions
 d - a potion of might
 f - 2 potions of heal wounds {unknown}
 k - 4 potions of ambrosia
 m - 3 potions of brilliance
 r - 5 potions of curing
 s - 2 potions of lignification {unknown}
 t - 2 potions of haste
 x - 2 potions of degeneration {unknown}
 B - a potion of flight {unknown}
Books
 H - a book of Enchantments

   Spells                             Type                      Level
   a - Cause Fear                     Hexes                        4
   b - Silence                        Hexes/Air                    5
   c - Deflect Missiles               Charms/Air                   6
   d - Haste                          Charms                       6
   e - Discord                        Hexes                        8
Comestibles
 a - a meat ration
 e - 2 bread rations
 u - 4 slices of pizza
 z - a beef jerky
 D - 5 fruits
 S - 4 chunks of flesh
 U - a royal jelly


   Skills:
 - Level 7.0 Fighting
 - Level 7.3 Long Blades
 * Level 2.1(2.8) Axes
 - Level 2.7(3.1) Maces & Flails
 - Level 7.3 Armour
 - Level 8.0 Shields
 - Level 8.1 Invocations


You had 10 spell levels left.
You didn't know any spells.

Dungeon Overview and Level Annotations

Branches:
Dungeon (11/15)            Temple (1/1) D:5            Lair (0/8) D:11
    Orc (1/4) D:10

Altars:
Ashenzari
Cheibriados
Dithmenos
Elyvilon
Fedhas
Gozag
Kikubaaqudgha
Makhleb
Nemelex Xobeh
Okawaru
Qazlal
Ru
Sif Muna
Trog
Vehumet
Xom
Yredelemnul
Zin
The Shining One
Beogh

Annotations:
D:3 Grinder
D:11 Snorg IceCv exclusion: 3 ice statues


Innate Abilities, Weirdness & Mutations

You have razor-sharp teeth.
You heal very quickly.
When hurt, damage is shared between your health and your magic reserves.
Your bite disrupts and absorbs the magic of your enemies.
Potions and wands cannot restore your health.
You are immune to rotting.
You have sharp fingernails.
You have large cloven feet.
Your body sometimes deteriorates upon taking damage.
Your magical capacity is low (-10% MP).
You are somewhat resistant to further mutation.
Your spells are a little harder to cast, but a little more powerful.


Message History

You are engulfed in freezing vapours.
You resist.
* * * LOW HITPOINT WARNING * * *
You block the ice beast's attack. x2
You don't have enough magic at the moment.
You hit the ice beast.
You melt the ice beast.
Your bite misses the ice beast.
The ice beast is heavily wounded.
You hit the ice beast.
You melt the ice beast.
The ice beast is heavily wounded.
Your plate armour prevents you from hitting the ice beast.
You hit the ice beast.
You melt the ice beast.
The ice beast is lightly wounded.
Your plate armour prevents you from hitting the ice beast.
The ice beast is moderately wounded.
You are engulfed in freezing vapours.
You resist.
* * * LOW HITPOINT WARNING * * *
You block the ice beast's attack. x2
The ice beast hits you.
* * * LOW HITPOINT WARNING * * *
The ice beast freezes you. You resist.
You die...

##.....##
##.......##
#.........#
#.........#
#.........#
#.........#
#.(.......#
#####.#####
#8Y@Y....8#
#.YYY.....#
#.§Y§.....#
#.........#
#.........#
##.......##
##.....##
###8###


You could see 3 ice statues and 6 ice beasts.

Vanquished Creatures
  The ghost of Tyryt0 the Blocker, a journeyman GrFi of Okawaru (D:10)
  Pikel (D:7)
  A two-headed ogre (D:10)
  A troll (D:11)
  A wraith (D:10)
  2 hungry ghosts (D:7)
  9 yaks
  3 wyverns
  A warg (D:10)
  Edmund (D:6)
  A water moccasin (D:10)
  Duvessa (D:6)
  A sky beast (D:9)
  A necrophage (D:11)
  10 ice beasts
  9 orc warriors
  4 ogres
  2 eyes of draining (D:10)
  3 centaurs
  5 giant frogs
  Dowan (D:6)
  2 big kobolds
  11 killer bees
  5 wights
  5 scorpions
  10 crimson imps
  2 centaur zombies
  3 hounds
  2 jellies (D:10)
  A giant frog skeleton (D:5)
  6 giant frog zombies
  6 orc priests
  10 orc wizards
  Terence (D:3)
  A gnoll shaman (D:6)
  5 iguanas
  9 worker ants
  3 killer bee zombies
  A hound skeleton (D:10)
  2 worker ant zombies
  13 gnolls
  14 adders
  12 white imps (D:11)
  2 shadow imps
  3 adder skeletons
  2 adder zombies
  A worm (D:2)
  4 giant geckos
  71 orcs
  4 giant cockroaches
  14 goblins
  11 hobgoblins
  2 jackals (D:1)
  19 kobolds
  4 quokkas
  3 ball pythons
  7 bats
  5 giant newts
  A jackal zombie (D:5)
  8 rats
344 creatures vanquished.

Vanquished Creatures (others)
  A giant frog zombie (D:7)
1 creature vanquished.

Grand Total: 345 creatures vanquished

Notes
Turn   | Place    | Note
--------------------------------------------------------------
     0 | D:1      | Andry07 the Vine Stalker Fighter began the quest for the Orb.
     0 | D:1      | Reached XP level 1. HP: 11/11 MP: 2/2
    93 | D:1      | Reached XP level 2. HP: 16/16 MP: 3/3
   243 | D:1      | Reached skill level 3 in Shields
   600 | D:2      | Reached XP level 3. HP: 19/19 MP: 4/4
  1083 | D:2      | Reached XP level 4. HP: 20/23 MP: 5/5
  1164 | D:2      | Found a shattered altar of Ashenzari.
  1164 | D:2      | Found a bloodstained altar of Trog.
  1412 | D:3      | Found an opulent altar of Gozag.
  1427 | D:3      | Noticed Grinder
  1431 | D:3      | Paralysed by Grinder for 3 turns
  1554 | D:3      | Reached XP level 5. HP: 16/27 MP: 2/6
  1574 | D:3      | Noticed Terence
  1584 | D:3      | Killed Terence
  1698 | D:3      | Found a sacrificial altar of Ru.
  1806 | D:3      | Reached skill level 1 in Maces & Flails
  2019 | D:3      | Paralysed by Grinder for 4 turns
  2170 | D:4      | Reached skill level 4 in Shields
  2241 | D:4      | Gained mutation: You heal very quickly. [Vine Stalker growth]
  2241 | D:4      | Reached XP level 6. HP: 15/32 MP: 3/7
  2252 | D:4      | Noticed an ogre
  2256 | D:5      | Entered Level 5 of the Dungeon
  2571 | D:5      | Reached XP level 7. HP: 17/35 MP: 8/8
  2644 | D:5      | Found a staircase to the Ecumenical Temple.
  2650 | Temple   | Entered the Ecumenical Temple
  2654 | Temple   | Became a worshipper of the Shining One
  2818 | D:5      | Found a sand-covered staircase.
  3018 | D:5      | Reached skill level 5 in Shields
  3051 | D:5      | Got a jewelled long sword
  3064 | D:5      | Identified the +8 long sword "Secret Weapon" {freeze, rF+} (You found it on level 5 of the Dungeon)
  3264 | D:5      | Found a deep blue altar of Sif Muna.
  3590 | D:6      | Noticed Duvessa
  3592 | D:6      | Noticed Dowan
  3599 | D:6      | Killed Duvessa
  3607 | D:6      | Killed Dowan
  3656 | D:6      | Reached * piety under the Shining One
  3656 | D:6      | Gained mutation: You have razor-sharp teeth. [Vine Stalker growth]
  3656 | D:6      | Reached XP level 8. HP: 40/40 MP: 9/9
  3932 | D:6      | Noticed Edmund
  3936 | D:6      | Reached skill level 5 in Armour
  3940 | D:6      | Killed Edmund
  4048 | D:6      | Reached skill level 6 in Shields
  4171 | D:6      | Reached ** piety under the Shining One
  4412 | D:7      | Reached XP level 9. HP: 37/46 MP: 8/10
  4422 | D:6      | Reached skill level 5 in Long Blades
  4571 | D:7      | Noticed Pikel
  4572 | D:7      | Reached skill level 5 in Fighting
  4641 | D:7      | Killed Pikel
  4861 | D:7      | Reached skill level 7 in Shields
  5145 | D:7      | Reached *** piety under the Shining One
  5240 | D:8      | Reached XP level 10. HP: 45/53 MP: 11/11
  5564 | D:8      | Found a glowing silver altar of Zin.
  5851 | D:9      | Found a blossoming altar of Fedhas.
  5961 | D:9      | Found an opulent altar of Gozag.
  6314 | D:9      | Gained mutation: You have large cloven feet. [mutagenic meat]
  6315 | D:9      | Gained mutation: Your magical capacity is low (-10% MP). [mutagenic meat]
  6316 | D:9      | Gained mutation: You are somewhat resistant to further mutation. [mutagenic meat]
  6317 | D:9      | Gained mutation: You have sharp fingernails. [mutagenic meat]
  6382 | D:9      | Gained mutation: Your spells are a little harder to cast, but a little more powerful. [potion of mutation]
  6384 | D:9      | Gained mutation: Your body sometimes deteriorates upon taking damage. [potion of mutation]
  6485 | D:10     | Entered Level 10 of the Dungeon
  6485 | D:10     | Reached **** piety under the Shining One
  6591 | D:10     | Got a bone hand axe
  6592 | D:10     | Identified the +7 hand axe "Ylaughow" {flame, rElec rPois Int+4} (You found it on level 10 of the Dungeon)
  6650 | D:10     | Reached skill level 1 in Invocations
  6817 | D:10     | Reached skill level 5 in Invocations
  6827 | D:10     | Noticed Tyryt0's ghost (journeyman GrFi)
  6889 | D:10     | Killed Tyryt0's ghost
  6889 | D:10     | Reached XP level 11. HP: 54/58 MP: 13/15
  6949 | D:10     | Found a roughly hewn altar of Beogh.
  6949 | D:10     | Found a staircase to the Orcish Mines.
  7305 | D:10     | Reached skill level 8 in Invocations
  7390 | Orc:1    | Entered Level 1 of the Orcish Mines
  7421 | Orc:1    | Found a roughly hewn altar of Beogh.
  7674 | Orc:1    | Noticed an orc knight
  7808 | D:11     | Found a staircase to the Lair.
  7905 | D:11     | Reached ***** piety under the Shining One
  8045 | D:11     | Noticed Snorg
  8157 | D:11     | Found a frozen archway.
  8217 | IceCv    | Entered an ice cave
  8229 | IceCv    | Reached skill level 1 in Axes
  8351 | IceCv    | Slain by an ice beast

Action                   |  1- 3 |  4- 6 |  7- 9 | 10-12 || total
-------------------------+-------+-------+-------+-------++-------
Melee: Long sword        |   172 |    42 |   195 |   428 ||   837
       Morningstar       |       |   120 |    35 |       ||   155
       Hand axe          |       |       |       |    32 ||    32
Throw: Tomahawk          |       |       |       |    10 ||    10
Invok: Divine Shield     |       |       |       |     2 ||     2
  Use: Scroll            |       |       |    11 |     4 ||    15
       Potion            |       |       |       |     3 ||     3
  Eat: Chunk             |     1 |     4 |     7 |    17 ||    29
       Bread ration      |       |       |     1 |       ||     1
